 Dungeon Crawl Stone Soup version 0.14-a0-1876-g927fc3a (webtiles) character file.

315 Paddoo the Firebug (level 5, -3/29 HPs)
             Began as a Tengu Fire Elementalist on Jan 15, 2014.
             Slain by Sigmund
             ... wielding a +0,+0 scythe
              (5 damage)
             ... on Level 3 of the Dungeon.
             The game lasted 00:23:46 (3133 turns).

Paddoo the Firebug (Tengu Fire Elementalist)        Turns: 3133, Time: 00:23:46

HP  -3/29        AC  4     Str  9      XL: 5   Next: 14%
MP   7/13        EV 13     Int 16      God:
Gold 185         SH  0     Dex 14      Spells:  3 memorised,  4 levels left

rFire  . . .     SeeInvis .     (no weapon)
rCold  . . .     Clarity  .     a - +0 robe
rNeg   . . .     Conserve .     (no shield)
rPois  .         rCorr    .     w - +1 hat
rElec  .         rRot     .     (no cloak)
SustAb . .       Spirit   .     l - +0 pair of gloves
rMut   .         Warding  .     (boots unavailable)
Saprov . . .     Stasis   .     (no amulet)
MR     .....                    (no ring)
                                (no ring)

@: not resistant to hostile enchantments, fairly stealthy
A: able to fly, beak, talons 3
a: Fly


You were on level 3 of the Dungeon.
You were not hungry.

You visited 1 branch of the dungeon, and saw 3 of its levels.

You collected 185 gold pieces.

Inventory:

Missiles
 k - 29 darts (quivered)
 s - 29 poisoned needles
Armour
 a - a +0 robe (worn)
 l - a +0 pair of gloves (worn)
 w - a +1 hat (worn)
Magical devices
 t - a wand of slowing (0)
Comestibles
 c - 2 bread rations
 d - an apple
 f - a meat ration
 j - 2 pears
 o - a banana
Scrolls
 m - a scroll of enchant weapon I
 p - 6 scrolls of identify
 r - 3 scrolls of remove curse
 x - a scroll of enchant weapon II {unknown}
Potions
 e - a potion of restore abilities
 g - a potion of curing
 h - a potion of magic {unknown}
 i - a potion of brilliance {unknown}
 v - a potion of heal wounds {unknown}
Books
 b - a book of Flames

   Spells                             Type                      Level
   *Flame Tongue                      Conjuration/Fire             1
   *Throw Flame                       Conjuration/Fire             2
   *Conjure Flame                     Conjuration/Fire             3
   Inner Flame                        Hexes/Fire                   3
   Sticky Flame                       Conjuration/Fire             4
   Fireball                           Conjuration/Fire             5


   Skills:
 * Level 1.3 Fighting
 + Level 2.4 Dodging
 - Level 2.0 Stealth
 * Level 3.3 Spellcasting
 + Level 2.8 Conjurations
 + Level 4.1 Fire Magic


You had 4 spell levels left.
You knew the following spells:

 Your Spells              Type           Power        Failure   Level  Hunger
a - Flame Tongue          Conj/Fire      ##...        6%          1    None
b - Throw Flame           Conj/Fire      ##....       10%         2    ##.....
c - Conjure Flame         Conj/Fire      ##......     14%         3    ###....


Dungeon Overview and Level Annotations

Branches:
Dungeon (3/16)

Altars:

Annotations:
D:3 Sigmund


Innate Abilities, Weirdness & Mutations

You can fly.
You have a beak for a mouth.
You have claws for feet.


Message History

Nothing appears to happen.
The magic dart hits you!
* * * LOW HITPOINT WARNING * * *
Sigmund appears from thin air!
Reactivating autopickup.
Sigmund gestures at you while chanting.
You are confused.
Ouch! Ouch! Sigmund casts a spell.
Sigmund flickers and vanishes!
Deactivating autopickup; reactivate with Ctrl-A.
The magic dart hits you!
* * * LOW HITPOINT WARNING * * *
Ouch!
Your magical contamination has completely faded away.
Unknown command.
You feel less confused. Something hits you.
You die...

................#.#
.[....#########.#.#
.....## #.#.#
....## #.#.# ...##
#...# ###### #.###
.....######## #.#
...........%# #.###
.###.######.# #.@.#
.# #.######.###.#.#
.# #............#.#
.# ########.#####.#
.# #........# #.#
## #.######## #.#
#.# #.# #.# #.#
#.### #.#


There were no monsters in sight!

Vanquished Creatures
  Ijyb (D:2)
  3 gnolls (D:3)
  2 adders
  2 giant geckos (D:2)
  An orc (D:3)
  8 bats
  4 giant cockroaches
  11 goblins
  11 hobgoblins
  6 kobolds
  2 quokkas
  6 giant newts
  6 rats
63 creatures vanquished.

Notes
Turn   | Place    | Note
--------------------------------------------------------------
     0 | D:1      | Paddoo, the Tengu Fire Elementalist, began the quest for the Orb.
     0 | D:1      | Reached XP level 1. HP: 10/10 MP: 3/3
   332 | D:1      | Reached XP level 2. HP: 15/15 MP: 2/6
   336 | D:1      | Learned a level 2 spell: Throw Flame
  1112 | D:2      | Reached XP level 3. HP: 20/20 MP: 0/7
  1644 | D:2      | Reached skill level 1 in Fighting
  1652 | D:2      | Learned a level 3 spell: Conjure Flame
  1929 | D:2      | Noticed Ijyb
  2095 | D:2      | Killed Ijyb
  2095 | D:2      | Reached skill level 4 in Fire Magic
  2095 | D:2      | Reached XP level 4. HP: 23/25 MP: 1/9
  2937 | D:3      | Reached XP level 5. HP: 27/29 MP: 5/13
  3099 | D:3      | Noticed Sigmund
  3133 | D:3      | Slain by Sigmund

Action                   |  1- 3 |  4- 6 || total
-------------------------+-------+-------++-------
Melee: Unarmed           |       |     3 ||     3
 Cast: Flame Tongue      |    57 |    38 ||    95
       Throw Flame       |    36 |    17 ||    53
       Conjure Flame     |       |     4 ||     4
 Abil: Fly               |       |     1 ||     1
  Use: Scroll            |     1 |     6 ||     7
       Potion            |       |     1 ||     1
